cohdb
Replays
Latest Replays
All Replays
Popular Replays
Top Player Replays
Match Explorer
How It Works
Community
CoH3 Stats
Reddit
Sign in to upload your games and track your stats! →
Sign in with Steam
Match 43220956
Unlisted
Match 43220956
Overview
Messages
Build Orders
End
Construct Weapon Support Center
Engineer Squad
M1919 Machine Gun Team
Engineer Squad
Bazooka Squad
Mechanized Support Center
Selects Heavy Weapons
Selects Assault Carriers
M3 Assault Carrier
Construct Medical Station
Designate Forward Repair Station
Bazooka Squad
Improved M9 Bazooka Rockets
M1919 Machine Gun Team
Selects M2HB .50cal Heavy Machine Gun
Dahlian
Bish Bash Bosh
Humbarwhy
Brothers in Trenches
jessyjames
Gonky
0
0
Comments
sign in to comment!
No comments posted yet!